 Dungeon Crawl Stone Soup version 0.25-a0-576-g50b708a4c4 (webtiles) character file.

Game seed: 227463637080832284, levelgen mode: deterministic

8087 Flugslaktarn the Cleaver (level 11, -6/100 HPs)
             Began as a Deep Dwarf Fighter on Mar 1, 2020.
             Was a Priest of Makhleb.
             Mangled by Snorg (10 damage)
             ... on level 10 of the Dungeon.
             The game lasted 00:04:27 (6003 turns).

Flugslaktarn the Cleaver (Deep Dwarf Fighter)       Turns: 6003, Time: 00:04:28

Health: -6/100     AC: 18    Str: 24    XL:     11   Next: 5%
Magic:  7/7        EV:  6    Int:  8    God:    Makhleb [***...]
Gold:   401        SH: 11    Dex: 12    Spells: 10/10 levels left

rFire    . . .     SeeInvis .   a - +0 war axe
rCold    . . .     Gourm    .   c - +0 kite shield
rNeg     . . .     Faith    .   C - +0 plate armour
rPois    .         Spirit   .   D - +2 helmet
rElec    .         Reflect  .   (no cloak)
rCorr    .         Harm     .   r - +0 pair of gloves
MR       +....                  (no boots)
Stlth    ..........             (no amulet)
HPRegen  0.00/turn              (no ring)
MPRegen  0.10/turn              (no ring)

@: mighty, non-regenerating
A: damage resistance, heal wounds, sense surroundings 2, no regeneration
a: Heal Wounds, Minor Destruction, Lesser Servant of Makhleb, Renounce Religion


You were on level 10 of the Dungeon.
You worshipped Makhleb.
Makhleb was most pleased with you.
You were not hungry.

You visited 2 branches of the dungeon, and saw 12 of its levels.

You collected 401 gold pieces.

Inventory:

Hand Weapons
 a - a +0 war axe (weapon)
Armour
 b - a +0 scale mail
 c - a +0 kite shield (worn)
 m - a +2 hat
   (You found it on level 3 of the Dungeon)
 r - a +0 pair of gloves (worn)
   (You found it on level 5 of the Dungeon)
 C - a +0 plate armour (worn)
   (You found it on level 7 of the Dungeon)
 D - a +2 helmet (worn)
   (You found it on level 10 of the Dungeon)
Jewellery
 p - an uncursed ring of ice
   (You found it on level 4 of the Dungeon)
 u - an uncursed ring of protection from cold {unknown}
   (You found it on level 5 of the Dungeon)
 y - an uncursed ring of protection from fire {unknown}
   (You found it on level 6 of the Dungeon)
 H - an uncursed amulet of faith {unknown}
   (You found it on level 10 of the Dungeon)
 J - a +4 ring of strength {unknown}
   (You found it on level 10 of the Dungeon)
 K - a cursed ring of teleportation {unknown}
   (You found it on level 10 of the Dungeon)
Wands
 v - a wand of paralysis (4)
   (You found it on level 6 of the Dungeon)
 F - a wand of iceblast (9)
   (You found it on level 9 of the Dungeon)
Scrolls
 h - a scroll of random uselessness {unknown}
 i - 5 scrolls of identify {unknown}
 k - 4 scrolls of blinking {unknown}
 l - 3 scrolls of teleportation {unknown}
 q - a scroll of amnesia {unknown}
 s - 3 scrolls of magic mapping {unknown}
 t - 3 scrolls of remove curse {unknown}
 x - 2 scrolls of immolation {unknown}
 A - a scroll of fog {unknown}
Potions
 f - a potion of berserk rage {unknown}
 g - a potion of mutation {unknown}
 j - 3 potions of brilliance {unknown}
 n - 3 potions of haste {unknown}
 o - 3 potions of curing {unknown}
 w - a potion of ambrosia {unknown}
 z - a potion of heal wounds {unknown}
 B - 3 potions of lignification {unknown}
 E - a potion of stabbing {unknown}
Miscellaneous
 G - a lamp of fire
   (You found it on level 9 of the Dungeon)
Comestibles
 e - 23 rations
 I - a chunk of flesh


   Skills:
 + Level 7.2 Fighting
 * Level 11.3 Axes
 + Level 8.7 Armour
 + Level 8.6 Shields
 + Level 7.1 Invocations


You had 10 spell levels left.
You didn't know any spells.
Your spell library was empty.

Dungeon Overview and Level Annotations

Branches:
Dungeon (11/15)            Temple (1/1) D:7            Lair (0/6) D:8
    Orc (0/2) D:10

Altars:
Ashenzari
Cheibriados
Dithmenos
Fedhas
Gozag
Hepliaklqana
Kikubaaqudgha
Makhleb
Nemelex Xobeh
Okawaru
Qazlal
Ru
Sif Muna
Trog
Uskayaw
Wu Jian
Xom
Yredelemnul
Zin
The Shining One

Shops:
D:4 =[   D:6 }

Annotations:
D:8 exclusion: door
D:10 exclusions: door and 1 more exclusion, Snorg


Innate Abilities, Weirdness & Mutations

You are resistant to damage.
You can heal yourself by infusing magical energy.
You passively map the area around you.
You do not regenerate.


Message History

Snorg bites you!
* * * LOW HITPOINT WARNING * * *
Snorg barely misses you. Snorg claws you but does no damage.
You slash Snorg!
Snorg is severely wounded.
You hit the purple ugly thing. You block Snorg's attack. Snorg claws you.
You block Snorg's attack.
The purple ugly thing stings you but does no damage.
Your magical essence is drained by the effort!
You feel much better. Snorg bites you!
* * * LOW HITPOINT WARNING * * *
Snorg claws you!
* * * LOW HITPOINT WARNING * * *
Snorg claws you.
* * * LOW HITPOINT WARNING * * *
The purple ugly thing stings you but does no damage.
Snorg bites you!
* * * LOW HITPOINT WARNING * * *
Snorg claws you!
You die...

####.# #..............#
.....#### #..............#
........# #..............#######
........###....##'#####........#
...............'......#........#
............<..#......#........#
......#####....#......#........#
......# #...c########........#
......# #..luT@uc............#
......# #)########..#####....#
......# #.#......#..# #....#
......#####.#......#..# #>...#
............#......#..# #....##
.......<....#......##.# #.....#
.#########..#.......#.# #.....#
)# #..#.......#.# #.....# .#
#..#.......#.#####.....#


You could see Snorg (berserk), 2 ugly things, 2 centaurs and an iguana.

Vanquished Creatures
  A two-headed ogre (D:9)
  A centaur skeleton (D:10)
  A komodo dragon (D:10)
  2 trolls (D:9)
  A spriggan (D:7)
  4 wyverns
  12 yaks (D:10)
  4 hungry ghosts
  A steam dragon (D:8)
  A two-headed ogre zombie (D:10)
  2 black bears (D:8)
  An orc warrior (D:8)
  4 ice beasts
  3 ogres
  5 centaurs
  2 crocodiles (D:8)
  2 big kobolds
  4 bullfrogs
  A water moccasin zombie (D:5)
  A scorpion (D:7)
  A troll zombie (D:10)
  3 howler monkeys
  A centaur zombie (D:10)
  A bullfrog zombie (D:6)
  6 crimson imps
  2 hounds
  4 orc priests
  2 jellies
  6 orc wizards
  A quasit (D:10)
  A bullfrog skeleton (D:9)
  3 iguanas
  Natasha (D:3)
  3 worker ants
  6 ogre zombies (D:10)
  2 hound skeletons
  A mummy (D:6)
  A worker ant zombie (D:9)
  9 adders
  4 shadow imps
  An ooze (D:5)
  4 worms
  6 leopard geckos
  16 orcs
  A ball python (D:1)
  4 giant cockroaches
  2 goblins
  2 hobgoblins
  9 jackals
  9 quokkas
  A ball python skeleton (D:5)
  2 bats
  5 frilled lizards
  A goblin skeleton (D:10)
  3 goblin zombies (D:10)
  6 hobgoblin zombies (D:10)
  A jackal skeleton (D:4)
  15 kobolds
  A leopard gecko skeleton (D:4)
  3 orc skeletons (D:10)
  12 orc zombies (D:10)
  A quokka skeleton (D:4)
  A quokka zombie (D:10)
  3 rats
  A spectral orc (D:4)
221 creatures vanquished.

Notes
Turn   | Place    | Note
-------+----------+-------------------------------------------
     0 | D:1      | Flugslaktarn the Deep Dwarf Fighter began the quest for the
                  | Orb.
     0 | D:1      | Reached XP level 1. HP: 20/20 MP: 1/1
    55 | D:1      | Reached XP level 2. HP: 20/27 MP: 2/2
   189 | D:2      | You fall into a shaft and drop 2 floors!
   199 | D:4      | Reached skill level 3 in Axes
   199 | D:4      | Reached XP level 3. HP: 19/34 MP: 3/3
   259 | D:4      | Reached XP level 4. HP: 28/42 MP: 4/4
   266 | D:4      | Found Geschak's Armour Emporium.
   328 | D:4      | Noticed an ogre
   332 | D:4      | Killed an ogre
   332 | D:4      | Reached skill level 4 in Axes
   332 | D:4      | Reached XP level 5. HP: 33/49 MP: 5/5
   348 | D:3      | Noticed Natasha
   366 | D:3      | Killed Natasha
   733 | D:4      | Found Toargh's Jewellery Shop.
   773 | D:4      | Reached XP level 6. HP: 29/57 MP: 5/5
   878 | D:4      | Found a basalt altar of Yredelemnul.
   937 | D:4      | Reached skill level 5 in Axes
   972 | D:5      | Entered Level 5 of the Dungeon
  1000 | D:5      | Found an iron altar of Okawaru.
  1052 | D:5      | Noticed an ice beast
  1073 | D:5      | Killed an ice beast
  1073 | D:5      | Reached XP level 7. HP: 55/64 MP: 4/4
  1457 | D:5      | Reached skill level 5 in Armour
  1562 | D:5      | Reached skill level 5 in Shields
  1759 | D:5      | Reached skill level 6 in Axes
  1764 | D:5      | Found a hazy altar of Hepliaklqana.
  1954 | D:6      | Found a glowing golden altar of the Shining One.
  2091 | D:6      | Found a shadowy altar of Dithmenos.
  2146 | D:6      | Found Umeiran's Gadget Shoppe.
  2152 | D:6      | Found a snail-covered altar of Cheibriados.
  2176 | D:6      | Found a shattered altar of Ashenzari.
  2415 | D:6      | Found a shimmering blue altar of Sif Muna.
  2540 | D:7      | Reached XP level 8. HP: 57/73 MP: 3/3
  2562 | D:7      | Reached skill level 7 in Axes
  2642 | D:7      | Found a hide-covered altar of Uskayaw.
  2696 | D:7      | Reached skill level 5 in Fighting
  2733 | D:7      | Found a staircase to the Ecumenical Temple.
  2763 | Temple   | Entered the Ecumenical Temple
  2926 | Temple   | Became a worshipper of Makhleb the Destroyer
  3085 | D:7      | Reached skill level 1 in Invocations
  3183 | D:7      | Found a sacrificial altar of Ru.
  3323 | D:8      | Found a stormy altar of Qazlal.
  3535 | D:8      | Reached skill level 8 in Axes
  3638 | D:8      | Gained mutation: You passively map the area around you.
                  | [Deep Dwarf growth]
  3638 | D:8      | Reached XP level 9. HP: 35/81 MP: 5/5
  3907 | D:8      | Reached skill level 9 in Axes
  3919 | D:8      | Reached * piety under Makhleb
  4000 | D:8      | Found a staircase to the Lair.
  4253 | D:9      | Found a shimmering altar of Xom.
  4469 | D:9      | Noticed a troll
  4476 | D:9      | Killed a troll
  4493 | D:9      | Noticed a two-headed ogre
  4497 | D:9      | Noticed a troll
  4516 | D:9      | Killed a two-headed ogre
  4516 | D:9      | Reached skill level 5 in Invocations
  4516 | D:9      | Reached XP level 10. HP: 44/92 MP: 7/7
  4529 | D:9      | Reached skill level 10 in Axes
  4924 | D:10     | Entered Level 10 of the Dungeon
  5015 | D:10     | Found a staircase to the Orcish Mines.
  5017 | D:10     | Reached ** piety under Makhleb
  5215 | D:10     | Reached *** piety under Makhleb
  5424 | D:10     | Reached skill level 11 in Axes
  5733 | D:10     | Reached XP level 11. HP: 81/100 MP: 9/9
  5978 | D:11     | Noticed Snorg
  5978 | D:11     | Noticed a purple ugly thing
  5981 | D:11     | Noticed a green ugly thing
  6001 | D:10     | HP: 3/100 [Snorg (15)]
  6003 | D:10     | Mangled by Snorg

Levels and vault maps discovered:
D:1:      dpeg_arrival_three_smaller_balls, layout_basic, tso_altar
D:2:      layout_loops_cross, minmay_misc_feat_columns
D:3:      layout_rooms, uniq_natasha, uniq_crazy_yiuf_cottage
D:4:      layout_rooms, yredelemnul_forgotten_temple_becter, serial_shops,
          nicolae_shop_crystal, shop
D:5:      layout_gridville, marbit_many_paths, first_ration, okawaru_trees_1
D:6:      layout_rooms, nicolae_overflow_crystal_walls, slow_altar_1,
          ashenzari_conservatory_becter, kennysheep_little_box, serial_shops,
          shop, lemuel_blue_sif_altar
D:7:      layout_rooms, lemuel_doored_altar, minmay_temple_entry_hall,
          the_bakery, nicolae_ru_the_path_less_chosen
D:8:      cheibrodos_two_vegetables, layout_basic, erik_lair_dragon,
          grunt_qazlal_sundering
D:9:      layout_basic, xom_butterflies
D:10:     due_megacathedral, layout_irregular_city, zombieorc2_lemuel,
          enter_bailey_2, chequers_hall_statues_wall_a,
          chequers_serial_rivers_marsh
D:11:     layout_big_octagon, minmay_three_doors, uniq_snorg
Temple:   dpeg_chambers_temple

Skill      XL: |  1  2  3  4  5  6  7  8  9 10 |
---------------+-------------------------------+-----
Fighting       | 3 4 5 6 7 |  7.2
Axes           | 3 4 5 6 8 9 11 | 11.3
Armour         | 4 5 6 7 8 |  8.7
Shields        | 4 5 6 7 8 |  8.6
Invocations    | 2 5 7 |  7.1

Action                   |  1- 3 |  4- 6 |  7- 9 | 10-12 || total
-------------------------+-------+-------+-------+-------++-------
Melee: War axe           |    69 |   131 |   486 |   386 ||  1072
 Abil: Heal Wounds       |     2 |     7 |    14 |     9 ||    32
  Use: Potion            |       |       |       |     1 ||     1
  Eat: Chunk             |       |     1 |    12 |    19 ||    32
       Ration            |       |       |       |     1 ||     1
Armor: Scale mail        |    41 |    53 |   113 |       ||   207
       Plate armour      |       |       |   146 |   241 ||   387
Dodge: Dodged            |    27 |    43 |    99 |    77 ||   246
Block: Kite shield       |    56 |    67 |   255 |   235 ||   613

Table legend:
 A = Non-vault XP
 B = Vault XP
 C = Vault XP percentage of total XP
 D = Non-vault monster count
 E = Vault monster count
 F = Vault count percentage of total count
                 A         B        C        D         E       F
            +---------+---------+-------+---------+---------+-------
      Total |    9312 |    2241 |  19.4 |     174 |      47 |  21.3
            +---------+---------+-------+---------+---------+-------
        D:1 |      21 |       0 |   0.0 |      12 |       0 |   0.0
        D:2 |      13 |       0 |   0.0 |       6 |       0 |   0.0
        D:3 |      28 |      35 |  55.6 |      11 |       1 |   8.3
        D:4 |     468 |       1 |   0.2 |      23 |       1 |   4.2
        D:5 |     491 |      13 |   2.6 |      14 |       1 |   6.7
        D:6 |     124 |      18 |  12.7 |       9 |       1 |  10.0
        D:7 |     804 |     229 |  22.2 |      13 |       1 |   7.1
        D:8 |    1167 |    1005 |  46.3 |      24 |       6 |  20.0
        D:9 |    2170 |       0 |   0.0 |      21 |       0 |   0.0
       D:10 |    3908 |     940 |  19.4 |      40 |      36 |  47.4
       D:11 |     118 |       0 |   0.0 |       1 |       0 |   0.0
            +---------+---------+-------+---------+---------+-------
